 Dungeon Crawl Stone Soup version 0.25-a0-1126-g5fd7b56c60 (webtiles) character file.

Game seed: 18235349256126292890, levelgen mode: deterministic

6890 Maedhros the Nimble (level 11, -4/69 HPs)
             Began as an Octopode Artificer on May 19, 2020.
             Was an Elder of Ru.
             Hit by a large rock thrown by a cyclops (29 damage)
             ... on level 11 of the Dungeon.
             The game lasted 00:30:50 (4564 turns).

Maedhros the Nimble (Octopode Artificer)            Turns: 4564, Time: 00:30:50

Health: -4/69      AC:  1    Str: 12    XL:     11   Next: 6%
Magic:  13/13      EV: 20    Int: 14    God:    Ru [****..]
Gold:   776        SH:  0    Dex: 27    Spells: 7/10 levels left

rFire    . . .     SeeInvis .     - Unarmed
rCold    . . .     Gourm    .   (no shield)
rNeg     . . .     Faith    .   (helmet restricted)
rPois    .         Spirit   .   z - amulet of regeneration
rElec    .         Reflect  .   h - +6 ring of dexterity
rCorr    .         Harm     .   u - +6 ring of dexterity
MR       .....                  (no ring)
Stlth    ..........             (no ring)
HPRegen  0.61/turn              (no ring)
MPRegen  0.13/turn              (no ring)
                                (no ring)
                                (no ring)

@: drained
A: almost no armour, stealthy swim, amphibious, 8 rings, constrict 8, camouflage
1, frail 1, gelatinous body 1, no stealth, unskilled 1
a: Sacrifice Courage, Sacrifice a Hand, Sacrifice Love, Reject Sacrifices, Draw
Out Power, Power Leap, Renounce Religion


You were on level 11 of the Dungeon.
You worshipped Ru.
Ru was greatly pleased with you.
You were not hungry.

You visited 1 branch of the dungeon, and saw 11 of its levels.
You also visited: Sewer and Bailey.

You collected 776 gold pieces.

Inventory:

Hand Weapons
 a - a +0 short sword
 g - a +1 mace of distortion
 w - a +4 quarterstaff
Missiles
 o - 14 poisoned darts (quivered)
 x - 2 throwing nets
 B - 54 boomerangs
 G - 23 arrows
Magical Staves
 y - an uncursed staff of conjuration {unknown}
Jewellery
 h - a +6 ring of dexterity (left tentacle)
 k - an uncursed amulet of faith
 u - a +6 ring of dexterity (right tentacle)
 z - an amulet of regeneration (around mantle)
Wands
 b - a wand of flame (11)
 c - a wand of enslavement (3)
 d - a wand of random effects (1)
 p - a wand of polymorph (7)
Scrolls
 l - 3 scrolls of magic mapping
 n - 3 scrolls of teleportation
 q - a scroll of amnesia
 r - 4 scrolls of enchant armour
 A - 2 scrolls of remove curse
 D - a scroll of immolation
 H - 2 scrolls of fog
Potions
 e - 3 potions of magic
 i - a potion of stabbing
 j - 2 potions of heal wounds
 m - a potion of mutation {unknown}
 s - 3 potions of curing
 t - a potion of might {unknown}
 v - a potion of brilliance
 C - a potion of invisibility
 E - a potion of ambrosia
Miscellaneous
 F - a box of beasts
Comestibles
 f - 17 rations
 I - 6 chunks of flesh


   Skills:
 - Level 8.0(7.0) Fighting
 - Level 0.8(0.0) Short Blades
 - Level 8.2(7.2) Dodging
 * Level 7.7(6.7) Unarmed Combat
 + Level 5.9(4.9) Transmutations
 - Level 3.0(2.1) Evocations


You had 7 spell levels left.
You knew the following spells:

 Your Spells              Type           Power        Failure   Level  Hunger
a - Beastly Appendage     Tmut           ##....       3%          1    ##.....
b - Sticks to Snakes      Tmut           ##......     6%          2    ###....

Your spell library contained the following spells:

 Spells                   Type           Power        Failure   Level  Hunger
 Corona                   Hex            #......      28%         1    ##.....
 Magic Dart               Conj           #...         28%         1    ##.....
 Spider Form              Tmut/Pois      #.........   32%         3    ####...
 Ensorcelled Hibernation  Hex/Ice        #.....       41%         2    ###....
 Searing Ray              Conj           #.....       41%         2    ###....
 Confusing Touch          Hex            #.......     65%         3    ####...
 Dazzling Flash           Conj/Hex       #.....       65%         3    ####...
 Gell's Gravitas          Tloc           #.........   65%         3    ####...
 Tukima's Dance           Hex            #.......     65%         3    ####...
 Ice Form                 Ice/Tmut       #.......     71%         4    #####..
 Petrify                  Tmut/Erth      #.......     71%         4    #####..
 Blade Hands              Tmut           ##........   71%         5    ######.
 Fulminant Prism          Conj/Hex       #.........   96%         4    #####..
 Iskenderun's Mystic Bla  Conj/Tloc      #.......     96%         4    #####..
 Yara's Violent Unravell  Hex/Tmut       #.........   96%         5    ######.
 Metabolic Englaciation   Hex/Ice        #.........   100%        5    ######.


Dungeon Overview and Level Annotations

Branches:
Dungeon (11/15)            Temple (0/1) D:4           Sewer (visited)
 Bailey (visited)
   Lair: D:8-11         Orc: D:9-12

Altars:
Dithmenos
Hepliaklqana
Okawaru
Ru
Xom

Shops:
D:9 (

Annotations:
D:7 2 transporters, Zajic's ghost, novice MiBe
Abyss:1 Grinder


Innate Abilities, Weirdness & Mutations

You cannot wear most types of armour.
You are very stealthy in the water. (Stealth+)
You are amphibious.
You can wear up to eight rings at the same time.
You can use your tentacles to constrict eight enemies at once.
Your skin changes colour to match your surroundings (Stealth+).
You are frail. (-10% HP)
Your rubbery body absorbs attacks. (AC +1, EV +1)
You cannot be stealthy.
You are somewhat unskilled. (-1 Apt)


Message History

You kill the cyclops!
Things that are here:
2 large rocks; a cyclops corpse
Things that are here:
2 large rocks; a cyclops corpse You butcher the cyclops corpse.
I - 7 chunks of flesh
Things that are here:
2 large rocks; a cyclops skeleton Eat one of 7 chunks of flesh? (ye/n/q)
You eat one of the 7 chunks of flesh.
This raw flesh tastes terrible.
You now have 776 gold pieces (gained 11).
A cyclops comes into view.
The cyclops shouts!
The cyclops throws a large rock.
The large rock hits you!!
You focus your will and blind the cyclops in retribution!
You see here a large rock.
The cyclops throws a large rock.
The large rock closely misses you.
The cyclops throws a large rock.
The large rock hits you!!
You die...

######## #......#
#......# #......#
#......# #......#
##########(.....#
................#######
.......@.......(.......
.......#######.........
.^.C... #.........#
....... #.........#
#...... #.........#
#...... #.........#
#...... #.(.......#
#...... #.........#
##.........#


You could see a cyclops (blind).

Vanquished Creatures
  Erolcha (D:9)
  A hydra (D:11)
  A two-headed ogre (D:9)
  A cyclops (D:11)
  A troll (D:9)
  A hippogriff (D:10)
  A hungry ghost (D:10)
  2 centaurs
  2 water moccasins
  Purgy (Sewer)
  A phantom (D:6)
  3 sky beasts
  2 orc warriors (Bailey)
  An ice beast (D:7)
  3 ogres
  A big kobold (D:10)
  A wyvern zombie (D:11)
  5 bullfrogs
  5 hounds
  A scorpion (D:11)
  4 killer bees (D:10)
  12 wights
  A howler monkey (D:7)
  4 electric eels (D:7)
  2 crimson imps
  2 jellies
  An iguana (D:4)
  2 bullfrog skeletons
  A worker ant (D:10)
  4 orc wizards
  2 hound zombies
  A hound skeleton (D:5)
  A worker ant zombie (D:5)
  11 adders
  8 gnolls
  4 shadow imps
  An ooze (D:3)
  An adder zombie (D:7)
  An adder skeleton (D:6)
  2 worms
  2 dart slugs
  19 orcs
  3 giant cockroaches
  10 goblins
  3 hobgoblins
  17 jackals
  26 kobolds
  7 quokkas
  6 bats
  8 frilled lizards
  A leopard gecko skeleton (D:8)
  2 quokka skeletons
  6 rats
210 creatures vanquished.

Vanquished Creatures (collateral kills)
  A steam dragon (D:10)
  A hornet zombie (D:6)
  3 orc warriors (Bailey)
  A bullfrog (D:10)
  2 killer bees (D:10)
  2 howler monkeys
  An electric eel (D:7)
  A crimson imp (D:6)
  A gnoll (Bailey)
  An adder (D:7)
  6 dart slugs (D:7)
  3 orcs (D:6)
  A goblin (Bailey)
24 creatures vanquished.

Vanquished Creatures (others)
  A hippogriff (D:9)
  A sky beast (D:10)
  A phantom (D:7)
  2 ogres
  A killer bee (D:10)
  2 centaurs
  2 bullfrogs
  A quasit (D:9)
  A centaur skeleton (D:9)
  2 orc wizards (D:7)
  A worker ant (D:7)
  A gnoll (D:7)
  An adder skeleton (D:5)
  A worm (D:4)
  2 orcs (D:3)
  2 kobolds (Bailey)
  2 plants (D:11)
24 creatures vanquished.

Grand Total: 258 creatures vanquished

Notes
Turn   | Place    | Note
-------+----------+-------------------------------------------
     0 | D:1      | Maedhros the Octopode Artificer began the quest for the
                  | Orb.
     0 | D:1      | Reached XP level 1. HP: 13/13 MP: 3/3
   134 | D:2      | Reached XP level 2. HP: 7/18 MP: 4/4
   164 | D:2      | Found a faded altar of an unknown god.
   174 | D:2      | Became a worshipper of Ru the Awakened
   193 | D:2      | Gained mutation: You are frail. (-10% HP) [Ru sacrifice]
   193 | D:2      | Reached * piety under Ru
   193 | D:2      | Reached ** piety under Ru
   373 | D:1      | Reached XP level 3. HP: 11/20 MP: 5/5
   656 | D:3      | Reached XP level 4. HP: 22/26 MP: 6/6
   766 | D:3      | Noticed Grinder
   773 | D:3      | Banished Grinder
   773 | D:3      | Reached XP level 5. HP: 23/32 MP: 7/7
   903 | D:3      | Reached XP level 6. HP: 29/37 MP: 8/8
  1084 | D:4      | Found a glowing drain.
  1092 | Sewer    | Entered a sewer
  1139 | Sewer    | Noticed Purgy
  1181 | Sewer    | Killed Purgy
  1340 | D:4      | Gained mutation: You are somewhat unskilled. (-1 Apt) [Ru
                  | sacrifice]
  1340 | D:4      | Reached *** piety under Ru
  1357 | D:4      | Found a staircase to the Ecumenical Temple.
  1372 | D:4      | You fall into a shaft and drop 3 floors!
  1386 | D:7      | Found a transporter.
  1386 | D:7      | Noticed Zajic's ghost (novice MiBe)
  1387 | D:7      | Found a transporter.
  1387 | D:7      | Identified the +7 great mace of the Median {venom, rPois
                  | Str+4}
  1387 | D:7      | Noticed a two-headed ogre
  1466 | D:7      | Noticed an ice beast
  1477 | D:7      | Killed an ice beast
  1477 | D:7      | Reached XP level 7. HP: 15/44 MP: 9/9
  1556 | D:7      | Reached skill level 5 in Dodging
  1558 | D:7      | Found a shimmering altar of Xom.
  1598 | D:7      | Reached skill level 5 in Fighting
  1656 | D:7      | Found a shadowy altar of Dithmenos.
  1673 | D:7      | Reached XP level 8. HP: 16/49 MP: 10/10
  2022 | D:6      | Reached XP level 9. HP: 39/56 MP: 11/11
  2139 | D:6      | Found an iron altar of Okawaru.
  2284 | D:5      | Entered Level 5 of the Dungeon
  2535 | D:4      | Learned a level 1 spell: Beastly Appendage
  2546 | D:4      | Found a hazy altar of Hepliaklqana.
  2875 | D:8      | Gained mutation: You cannot be stealthy. [Ru sacrifice]
  2875 | D:8      | Reached **** piety under Ru
  2982 | D:9      | Noticed a two-headed ogre
  3031 | D:9      | Killed a two-headed ogre
  3031 | D:9      | Reached skill level 1 in Transmutations
  3196 | D:9      | Noticed Erolcha
  3220 | D:9      | Killed Erolcha
  3220 | D:9      | Reached XP level 10. HP: 60/64 MP: 8/12
  3341 | D:9      | Found a flagged portal.
  3352 | Bailey   | Entered a bailey
  3565 | Bailey   | Reached skill level 5 in Unarmed Combat
  3673 | D:9      | Found Aheunequc's Antique Weapon Boutique.
  3887 | D:10     | Entered Level 10 of the Dungeon
  4090 | D:10     | Got a jewelled demon trident
  4164 | D:10     | Reached skill level 5 in Transmutations
  4203 | D:10     | Identified the cursed +0 demon trident of Ash {pain, Int-2
                  | Dex+4} (You found it on level 10 of the Dungeon)
  4324 | D:11     | Learned a level 2 spell: Sticks to Snakes
  4431 | D:11     | Noticed a six-headed hydra
  4456 | D:11     | Killed a six-headed hydra
  4482 | D:11     | Reached XP level 11. HP: 25/69 MP: 13/13
  4521 | D:11     | Noticed a cyclops
  4544 | D:11     | Killed a cyclops
  4561 | D:11     | Noticed a cyclops
  4564 | D:11     | Hit by a large rock thrown by a cyclops

Illustrated notes

Levels and vault maps discovered:
D:1:      lightli_arrival_statue_moat, layout_loops_ring, doesnt_xom_only_xom
D:2:      layout_basic, nicolae_ru_awakened_eye, first_ration,
          chequers_ecumenical_altar_island, kennysheep_generic_room_5
D:3:      layout_basic, gammafunk_temple_overflow_elements, uniq_grinder
D:4:      layout_rooms, kennysheep_mini, minmay_temple_entry_gardened_gates,
          lightli_sewer_entry_pipes
D:5:      layout_basic
D:6:      layout_rooms, st_stairs_13, kennysheep_okawaru_gauntlet
D:7:      kennysheep_slugbush, layout_basic, overflow_temple_1_default,
          grunt_dithmenos_shadows, gammafunk_ghost_smash
D:8:      layout_loops_ring, serial_shops, nicolae_shop_trees
D:9:      layout_stronghold, serial_shops, shop, enter_bailey_3, uniq_erolcha
D:10:     layout_cave_pools
D:11:     layout_irregular_city, david_lair_shrubbed, orc_0_dummy,
          hangedman_ranch [blue_anna_fruit_fields]

Skill      XL: |  1  2  3  4  5  6  7  8  9 10 |
---------------+-------------------------------+-----
Stealth        | 2 4 3 0 |  0.0
Fighting       | 2 3 4 5 6 8 |  8.0
Dodging        | 3 4 5 7 8 |  8.2
Short Blades   | 0 |  0.8
Unarmed Combat | 4 7 |  7.7
Transmutations | 2 5 |  5.9
Evocations     | |  3.0

Action                   |  1- 3 |  4- 6 |  7- 9 | 10-12 || total
-------------------------+-------+-------+-------+-------++-------
Melee: Short sword       |    13 |       |       |       ||    13
       Constrict         |    14 |    11 |    50 |    58 ||   133
       Tentacles         |     7 |     6 |    57 |    95 ||   165
       Mace              |    34 |    55 |   132 |       ||   221
       Unarmed           |       |       |    54 |   260 ||   314
       Punch             |       |       |       |    13 ||    13
Invok: Sacrifice Health  |     1 |       |       |       ||     1
       Draw Out Power    |       |     1 |     3 |     6 ||    10
       Sacrifice Skill   |       |     1 |       |       ||     1
       Power Leap        |       |       |     1 |     1 ||     2
       Sacrifice Stealth |       |       |     1 |       ||     1
Evoke: Wand              |     1 |     7 |    35 |    12 ||    55
       Box of beasts     |       |       |       |     2 ||     2
  Use: Scroll            |       |       |    11 |     5 ||    16
       Potion            |       |       |     6 |       ||     6
 Stab: Sleeping          |     8 |     4 |     7 |       ||    19
       Invisible         |       |     1 |     2 |     2 ||     5
       Distracted        |       |       |     2 |     1 ||     3
       Paralysed         |       |       |       |     8 ||     8
  Eat: Chunk             |       |     1 |     7 |     6 ||    14
Armor: Skin              |     5 |     4 |     4 |     5 ||    18
Dodge: Dodged            |    39 |    51 |   175 |   260 ||   525

Table legend:
 A = Non-vault XP
 B = Vault XP
 C = Vault XP percentage of total XP
 D = Non-vault monster count
 E = Vault monster count
 F = Vault count percentage of total count
                 A         B        C        D         E       F
            +---------+---------+-------+---------+---------+-------
      Total |    7616 |    2228 |  22.6 |     186 |      61 |  24.7
            +---------+---------+-------+---------+---------+-------
        D:1 |      10 |       0 |   0.0 |       7 |       0 |   0.0
        D:2 |      44 |       2 |   4.3 |      18 |       1 |   5.3
        D:3 |     136 |     144 |  51.4 |      19 |       1 |   5.0
        D:4 |      49 |      56 |  53.3 |       7 |       6 |  46.2
        D:5 |     452 |       0 |   0.0 |      23 |       0 |   0.0
        D:6 |     912 |      31 |   3.3 |      18 |       3 |  14.3
        D:7 |     928 |     124 |  11.8 |      25 |       8 |  24.2
        D:8 |      70 |       0 |   0.0 |      10 |       0 |   0.0
        D:9 |    1000 |    1005 |  50.1 |      10 |       5 |  33.3
       D:10 |    2451 |       0 |   0.0 |      38 |       0 |   0.0
       D:11 |    1564 |       0 |   0.0 |      11 |       0 |   0.0
      Sewer |       0 |     140 | 100.0 |       0 |       7 | 100.0
     Bailey |       0 |     726 | 100.0 |       0 |      30 | 100.0
            +---------+---------+-------+---------+---------+-------
